 Dungeon Crawl Stone Soup version 0.17.1-1-g73c8601 (webtiles) character file.

64 Lektor the Firebug (level 3, 0/24 HPs)
             Began as a Demonspawn Fire Elementalist on Dec 11, 2015.
             Succumbed to poison (a potion of poison)
             ... on level 2 of the Dungeon.
             The game lasted 00:09:39 (1589 turns).

Lektor the Firebug (Demonspawn Fire Elementalist)   Turns: 1589, Time: 00:09:39

Health: 0/24       AC:  2    Str:  8    XL:     3   Next: 91%
Magic:  0/6        EV: 12    Int: 17    God:
Gold:   89         SH:  0    Dex: 13    Spells: 2 memorised, 2 levels left

rFire  . . .     SeeInvis .     k - -3 short sword (curse)
rCold  . . .     Clarity  .     a - +0 robe
rNeg   . . .     SustAt   .     (no shield)
rPois  .         Gourm    .     (helmet restricted)
rElec  .         Spirit   .     (no cloak)
rCorr  .         Warding  .     (no gloves)
rMut   .         Stasis   .     (no boots)
MR     .....                    (no amulet)
Stlth  ++........               (no ring)
                                (no ring)

@: lethally poisoned (0 -> -14), not resistant to hostile enchantments,
unstealthy
A: antennae 1
a: no special abilities


You were on level 2 of the Dungeon.
You were not hungry.

You visited 1 branch of the dungeon, and saw 2 of its levels.

You collected 89 gold pieces.

Inventory:

Hand Weapons
 e - a +0 dagger
 f - a +0 hunting sling
 g - a +0 whip
 i - a +0 dagger
 k - a cursed -3 short sword (weapon)
Missiles
 d - 21 stones (quivered)
Armour
 a - a +0 robe (worn)
Scrolls
 h - a scroll of amnesia {unknown}
Books
 b - a book of Flames

   Spells                             Type                      Level
   a - Flame Tongue                   Conjuration/Fire             1
   b - Throw Flame                    Conjuration/Fire             2
   c - Conjure Flame                  Conjuration/Fire             3
   d - Inner Flame                    Hexes/Fire                   3
   e - Sticky Flame                   Conjuration/Fire             4
   f - Fireball                       Conjuration/Fire             5
Comestibles
 c - a bread ration
 l - a chunk of flesh


   Skills:
 - Level 1.7 Dodging
 - Level 1.8 Stealth
 + Level 2.3 Spellcasting
 + Level 2.2 Conjurations
 + Level 3.6 Fire Magic


You had 2 spell levels left.
You knew the following spells:

 Your Spells              Type           Power        Failure   Level  Hunger
a - Flame Tongue          Conj/Fire      ##...        6%          1    #......
b - Conjure Flame         Conj/Fire      ##......     17%         3    ###....


Dungeon Overview and Level Annotations

Branches:
Dungeon (2/15)

Altars:
Ru

Annotations:
D:2 Ijyb


Innate Abilities, Weirdness & Mutations

You have a pair of small antennae on your head.


Message History

Ijyb is severely wounded.
Ijyb zaps a wand.
The puff of frost hits you!
Ouch! That really hurt!
* * * LOW HITPOINT WARNING * * *
Drink which item? (? for menu, Esc to quit)
It was a potion of poison.
That liquid tasted very nasty...
You are lethally poisoned!
* * * LOW HITPOINT WARNING * * *
You feel sick. Ijyb barely misses you.
You aren't carrying any potions.
* * * LOW HITPOINT WARNING * * *
You feel sick.
* * * LOW HITPOINT WARNING * * *
You feel sick.
* * * LOW HITPOINT WARNING * * *
You feel sick.
* * * LOW HITPOINT WARNING * * *
You feel sick.
You die...

..#...........#..................
..#.#...........##.#.##......###.
..#.#.#.####.##.##.#.# ..... #.
..#................#.# .... ##
........############.# .....
#.###.### #####.##.# # #.# #.#
#.g...#..#.# #.###.# #.##.......#
#.....# #@###.#....# #######
#..........# #####.#......
#.#...... #.. ..... ### .##.. . #
.#


You could see Ijyb.

Vanquished Creatures
  A gnoll (D:2)
  An adder (D:2)
  An ooze (D:1)
  4 worms (D:2)
  4 bats
  3 giant cockroaches
  6 goblins
  2 hobgoblins (D:1)
  4 jackals (D:1)
  3 kobolds
  A quokka (D:2)
  A giant gecko (D:2)
  3 rats (D:1)
34 creatures vanquished.

Notes
Turn   | Place    | Note
--------------------------------------------------------------
     0 | D:1      | Lektor the Demonspawn Fire Elementalist began the quest for the Orb.
     0 | D:1      | Reached XP level 1. HP: 13/13 MP: 3/3
   187 | D:1      | Reached skill level 3 in Fire Magic
   225 | D:1      | Gained mutation: You have a pair of small antennae on your head. [demonic ancestry]
   225 | D:1      | Reached XP level 2. HP: 17/19 MP: 3/5
   712 | D:2      | Noticed Ijyb
   771 | D:2      | Found a sacrificial altar of Ru.
   822 | D:2      | Reached XP level 3. HP: 7/24 MP: 0/6
   928 | D:2      | Learned a level 3 spell: Conjure Flame
  1588 | D:2      | HP: 1/24 [poison (a potion of poison)]
  1589 | D:2      | Succumbed to poison (a potion of poison)

Action                   || total
-------------------------++-------
Melee: Unarmed           ||     1
       Whip              ||    27
       Short sword       ||     6
 Cast: Flame Tongue      ||    61
       Conjure Flame     ||     4
  Use: Potion            ||     3
       Scroll            ||     2
 Stab: Distracted        ||     1
       Sleeping          ||     1
  Eat: Chunk             ||     3
